 Dungeon Crawl Stone Soup version 0.18.1-50-g88ac8fd (webtiles) character file.

121 Floof the Skirmisher (level 4, -1/40 HPs)
             Began as a Centaur Warper on Oct 22, 2016.
             Slain by an orc
             ... wielding a +0 club
              (5 damage)
             ... on level 3 of the Dungeon.
             The game lasted 00:11:45 (4221 turns).

Floof the Skirmisher (Centaur Warper)               Turns: 4221, Time: 00:11:45

Health: -1/40      AC:  5    Str: 13    XL:     4   Next: 76%
Magic:  1/6        EV:  9    Int: 12    God:
Gold:   139        SH:  0    Dex: 10    Spells: 3 memorised, 1 level left

rFire  . . .     SeeInvis .       - Unarmed
rCold  . . .     Gourm    .     a - +0 leather armour
rNeg   . . .     Faith    .     (no shield)
rPois  .         Spirit   .     (no helmet)
rElec  .         Dismiss  .     (no cloak)
rCorr  .         Reflect  .     u - +0 pair of gloves
SustAt .         Harm     .     (no barding)
MR     .....                    (no amulet)
Stlth  ..........               (no ring)
                                (no ring)

@: about to teleport, very slightly contaminated, very quick, not resistant to
hostile enchantments, extremely unstealthy
A: hooves 3, deformed body, speed 2, tough skin 3
a: no special abilities


You were on level 3 of the Dungeon.
You were hungry.

You visited 1 branch of the dungeon, and saw 3 of its levels.

You collected 139 gold pieces.

Inventory:

Missiles
 d - 5 tomahawks of dispersal (quivered)
 g - 33 arrows
Armour
 a - a +0 leather armour (worn)
 u - a +0 pair of gloves (worn)
Wands
 r - a wand of slowing (26/48)
Scrolls
 c - 3 scrolls of blinking
 e - 2 scrolls of remove curse {unknown}
 h - a scroll of identify {unknown}
 i - 2 scrolls of teleportation
 k - 2 scrolls of fog
 n - a scroll of magic mapping {unknown}
 q - a scroll of immolation {unknown}
Potions
 j - a potion of might {unknown}
 l - 2 potions of curing {unknown}
 m - a potion of heal wounds {unknown}
 p - 2 potions of agility {unknown}
 s - 2 potions of degeneration {unknown}
Books
 b - a book of Spatial Translocations

   Spells                             Type                      Level
   a - Apportation                    Translocation                1
   b - Blink                          Translocation                2
   c - Shroud of Golubria             Charms/Translocation         2
   d - Portal Projectile              Translocation                3
   e - Teleport Other                 Translocation                3
   f - Passage of Golubria            Translocation                4
Comestibles
 f - 3 bread rations
 o - a meat ration
 v - 4 fruits


   Skills:
 - Level 4.0 Fighting
 - Level 1.1 Throwing
 - Level 0.6 Armour
 - Level 1.3 Dodging
 - Level 3.2 Unarmed Combat
 - Level 1.5 Spellcasting
 + Level 3.0 Translocations


You had one spell level left.
You knew the following spells:

 Your Spells              Type           Power        Failure   Level  Hunger
a - Apportation           Tloc           #.........   14%         1    ##.....
b - Blink                 Tloc           N/A          21%         2    ###....
c - Shroud of Golubria    Chrm/Tloc      #.........   34%         2    ###....


Dungeon Overview and Level Annotations

Branches:
Dungeon (3/15)

Altars:

Annotations:
D:3 Grinder


Innate Abilities, Weirdness & Mutations

You have hooves in place of feet.
Armour fits poorly on your strangely shaped body.
You cover ground very quickly.
You have extremely tough skin (AC +3).


Message History

Ye barely miss tha orc.
Tha orc be almost dead.
Tha orc closely misses ye.
Ye hit tha orc.
Ye kill tha orc!
Tha orc barely misses ye.
Read which item? (? fer menu, 'sc ta quit) As ye read tha scroll labeled FEVUAZXUPI, it crumbles ta dust.
Ye feel strangely unst'ble.
It was a scroll o' teleportation.
Tha orc hits ye wit' a falchion.
Grinder hits ye but does nay damage.
Ye closely miss tha orc.
Tha orc hits ye wit' a falchion.
Ye hit tha orc.
Ye kill tha orc!
Grinder gestures at ye.
Pain shoots through yer body!
* * * LOW HITPOINT WARNIN'
* * * Ye hit tha orc but do nay damage.
Grinder barely misses ye.
Tha orc hits ye wit' a club.
Ye die...

### #.# #
#.############<###
#.......5@o......#
#.############.....o
#)# #.### #.# #
########5######
....>...........
.###.###.####### .#
#.###.## .# #......#


You could see Grinder and an orc.

Vanquished Creatures
  4 adders (D:2)
  4 worms (D:2)
  3 dart slugs
  A giant gecko (D:2)
  6 orcs (D:3)
  3 giant cockroaches
  8 goblins
  6 hobgoblins
  7 kobolds
  5 bats
  8 giant newts
  9 rats
64 creatures vanquished.

Notes
Turn   | Place    | Note
--------------------------------------------------------------
     0 | D:1      | Floof the Centaur Warper began the quest for the Orb.
     0 | D:1      | Reached XP level 1. HP: 17/17 MP: 3/3
   475 | D:1      | Reached XP level 2. HP: 23/25 MP: 4/4
   531 | D:1      | Learned a level 2 spell: Blink
   687 | D:1      | Reached skill level 3 in Fighting
  1390 | D:1      | Reached XP level 3. HP: 30/31 MP: 5/5
  2199 | D:2      | Reached skill level 4 in Fighting
  2309 | D:2      | Found a faded altar to an unknown god.
  2888 | D:2      | Reached XP level 4. HP: 26/40 MP: 6/6
  3515 | D:2      | Learned a level 2 spell: Shroud of Golubria
  4150 | D:3      | Noticed Grinder
  4221 | D:3      | Slain by an orc

Skill      XL: |  1  2  3  4 |
---------------+-------------+-----
Fighting       | 3 4 |  4.0
Unarmed Combat | 3 |  3.2
Translocations | 3 |  3.0
Throwing       | |  1.1
Armour         | |  0.6
Dodging        | |  1.3
Spellcasting   | |  1.5

Action                   |  1- 3 |  4- 6 || total
-------------------------+-------+-------++-------
Melee: Unarmed           |   211 |   106 ||   317
       Kick              |    42 |    18 ||    60
       Punch             |       |     1 ||     1
 Cast: Apportation       |       |     4 ||     4
       Blink             |       |     2 ||     2
  Use: Scroll            |     1 |     1 ||     2
  Eat: Chunk             |     5 |     2 ||     7
       Beef jerky        |       |     1 ||     1
Armor: Leather armour    |    72 |    16 ||    88
Dodge: Dodged            |    86 |    38 ||   124
